Map: Tours du crépuscule

Players

zidar - Winner!

  • Race: Zerg Zerg
  • League: Gold
  • Spawn Location: 7:00

KungMarco

  • Race: Terran Terran
  • League: Silver
  • Spawn Location: 1:00

VOD

Have the link to the VOD?

Description

Time

  • Played on: June 11, 2016, 7:31 a.m.
  • Length: 27:07
Show
View Real Time Build Order
Export as new Build Order

zidar Zerg - Winner!

Build Orders: Hatch First, Brood Lord Corruptor 

Get SALT Encoding   

  12  0:01  Drone  
  13  0:12  Overlord  
  13  0:17  Drone  
  14  0:30  Drone x2  
  14  0:34  Drone  
  17  0:56  Hatchery  
  16  0:57  Drone  
  16  1:01  Extractor  
  16  1:03  Drone  
  17  1:20  Spawning Pool  
  17  1:22  Drone  
  17  1:28  Drone  
  18  1:34  Overlord  
  18  1:41  Drone  
  19  1:50  Drone  
  20  2:00  Drone  
  21  2:06  Queen  
  23  2:12  Queen  
  25  2:20  Metabolic Boost  
  25  2:26  Zergling x2  
  25  2:28  Zergling x2  
  26  2:38  Zergling x2  
  26  2:43  Drone  
  28  2:52  Overlord  
  28  2:54  Pneumatized Carapace  
  28  3:15  Drone x8  
  28  3:18  Overlord  
  36  3:24  Extractor  
  35  3:39  Zergling x4  
  39  3:50  Lair  
  37  3:57  Drone x5  
  37  4:01  Drone x2  
  44  4:08  Baneling Nest  
  43  4:29  Extractor  
  42  4:34  Extractor  
  41  4:43  Drone x3  
  44  4:55  Hatchery, Overseer  
  43  5:03  Overlord x4  
  43  5:04  Overlord  
  43  5:07  Centrifical Hooks  
  43  5:16  Queen, Evolution Chamber  
  43  5:19  Evolution Chamber  
  43  5:22  Spire  
  42  5:32  Drone x9  
  51  5:49  Spore Crawler  
  50  5:53  Spore Crawler  
  49  5:57  Spore Crawler  
  49  5:59  Spore Crawler  
  47  6:08  Queen  
  49  6:11  Zerg Ground Armor Level 1  
  49  6:12  Zerg Melee Weapons Level 1  
  49  6:31  Zergling x16  
  49  6:32  Zergling x8  
  61  6:39  Extractor  
  60  6:42  Extractor  
  59  6:51  Baneling x5  
  59  6:57  Corruptor x2  
  63  7:17  Drone  
  63  7:18  Drone x2  
  63  7:22  Drone x3  
  69  7:26  Drone x3  
  72  7:30  Drone x6  
  78  7:43  Drone x2  
  80  7:44  Drone  
  80  7:48  Overlord  
  81  7:51  Corruptor x2  
  81  7:52  Corruptor x2  
  89  7:59  Baneling  
  89  8:00  Baneling x4  
  89  8:03  Drone  
  90  8:09  Zerg Flyer Weapons Level 1  
  90  8:10  Zerg Ground Armor Level 2, Zerg Melee Weapons Level 2  
  90  8:22  Infestation Pit  
  90  8:25  Drone x3  
  90  8:26  Drone x3  
  95  8:29  Drone x3  
  95  8:32  Overlord x2  
  98  8:49  Overlord  
  98  8:50  Overlord x3  
  98  9:23  Zergling x4  
  98  9:24  Zergling x34  
  114  9:29  Baneling x11  
  116  10:00  Zergling x2  
  116  10:01  Zergling x20  
  116  10:05  Hive  
  127  10:30  Hatchery  
  126  10:40  Zergling x24  
  126  10:42  Baneling x3  
  138  10:43  Hatchery, Baneling x11  
  137  10:52  Drone  
  138  11:38  Spire, Drone x3  
  138  11:39  Drone  
  141  11:43  Greater Spire  
  141  11:46  Zerg Melee Weapons Level 3, Zerg Ground Armor Level 3  
  141  11:48  Adrenal Glands  
  141  12:08  Corruptor x4  
  143  12:09  Corruptor x3  
  155  13:05  Drone x3  
  156  13:07  Overlord  
  156  13:08  Overlord x5  
  156  13:09  Overlord x3  
  158  13:15  Zerg Flyer Weapons Level 2  
  158  13:18  Zerg Flyer Armor Level 1  
  158  13:29  Brood Lord x3  
  158  13:30  Brood Lord x2  
  158  13:31  Brood Lord  
  158  13:34  Corruptor x3  
  170  13:35  Corruptor x4  
  170  13:36  Corruptor  
  170  13:39  Baneling x9  
  170  13:40  Baneling x5  
  170  13:41  Baneling x9  
  184  14:36  Spore Crawler  
  184  14:37  Spore Crawler x2  
  181  14:49  Brood Lord x2  
  185  14:55  Corruptor x2  
  185  14:56  Corruptor x4  
  185  14:57  Corruptor  
  185  14:58  Zergling x2  
  200  15:13  Spore Crawler  
  199  15:45  Extractor  
  199  15:48  Extractor  
  166  17:22  Corruptor x4  
  148  17:23  Corruptor x5  
  148  17:24  Corruptor  
  106  18:24  Zergling x2  
  106  18:25  Zergling x56  
  106  18:26  Zergling x10  
  120  18:58  Corruptor x2  
  120  18:59  Corruptor x3  
  124  19:16  Zergling x2  
  124  19:17  Zergling x26  
  74  20:29  Corruptor  
  74  20:30  Corruptor x4  
  74  20:31  Corruptor x5  
  74  20:32  Corruptor x4  
  74  20:33  Corruptor  
  100  21:04  Zergling x22  
  100  21:05  Zergling x4  
  100  21:08  Brood Lord x3  
  100  21:09  Brood Lord  
  121  21:21  Extractor  
  121  21:22  Extractor  
  119  21:25  Zerg Flyer Armor Level 2  
  119  21:27  Zerg Flyer Weapons Level 3  
  119  21:49  Corruptor x3  
  119  21:51  Zergling x24  
  137  22:39  Hatchery  
  136  23:13  Hatchery  
  136  23:19  Corruptor x2  
  135  23:20  Corruptor x4  
  135  23:21  Corruptor x3  
  135  23:23  Zergling x12  
  135  23:24  Zergling x34  
  148  24:50  Brood Lord  
  150  24:53  Overseer  
  136  25:00  Zergling x26  
  136  25:01  Zergling x16  
  136  25:02  Zergling x8  
  136  25:04  Brood Lord  
  136  25:06  Brood Lord  
  134  26:39  Zergling x2  
  137  26:40  Zergling x44  
Show
View Real Time Build Order
Export as new Build Order

KungMarco Terran 

Build Orders: Reaper Expand 

Get SALT Encoding   

  12  0:02  SCV  
  13  0:14  SCV  
  14  0:22  Supply Depot  
  14  0:26  SCV  
  15  0:44  SCV  
  15  0:45  Barracks  
  16  0:55  Supply Depot  
  16  0:56  SCV  
  17  1:05  Refinery  
  17  1:08  Refinery, SCV  
  18  1:42  Command Center  
  18  1:47  Reaper  
  19  1:55  SCV  
  20  2:08  Factory  
  20  2:19  Marine  
  21  2:37  Marine  
  22  2:54  Marine  
  22  2:56  Orbital Command x2  
  23  3:23  Barracks Reactor, Orbital Command  
  23  3:25  Factory Tech Lab  
  23  3:37  Refinery, Engineering Bay  
  23  3:39  Refinery  
  24  3:41  SCV  
  24  3:53  SCV  
  25  4:04  SCV  
  25  4:05  SCV  
  27  4:16  SCV  
  28  4:17  SCV  
  29  4:28  SCV  
  29  4:29  SCV  
  30  4:40  SCV  
  30  4:41  SCV  
  30  4:43  Starport  
  30  4:44  Starport  
  32  4:46  Siege Tank  
  32  4:48  Starport  
  32  4:52  Reaper x2  
  37  5:01  Supply Depot x2  
  37  5:02  Supply Depot  
  37  5:17  SCV x2  
  39  5:24  Reaper x2  
  39  5:25  Supply Depot  
  39  5:26  Supply Depot  
  41  5:29  SCV  
  41  5:30  Starport Tech Lab x2  
  41  5:32  Starport Tech Lab  
  42  5:41  Missile Turret  
  42  5:56  Liberator x3  
  42  6:16  Siege Tank  
  54  6:33  Marine x2  
  56  6:41  Hi-Sec Auto Tracking  
  56  6:51  Marine x2, Command Center  
  58  6:57  Siege Tank  
  61  7:09  Marine x2  
  63  7:26  Marine  
  66  7:36  Widow Mine  
  66  7:38  Neosteel Armor  
  66  7:39  Liberator  
  66  7:40  Liberator x2  
  77  8:05  Widow Mine, Refinery  
  77  8:07  Refinery  
  77  8:08  Fusion Core  
  77  8:26  Planetary Fortress  
  77  8:27  Liberator  
  77  8:30  Siege Tank  
  83  8:49  SCV x2  
  85  8:55  Hyperflight Rotors  
  85  8:59  Missile Turret  
  85  9:01  SCV x2  
  87  9:10  Liberator  
  87  9:13  SCV x2  
  89  9:21  Missile Turret  
  89  9:24  Missile Turret, Advanced Ballistics  
  89  9:25  SCV x2  
  94  9:37  SCV  
  95  9:45  Missile Turret  
  91  10:02  Bunker  
  91  10:03  Marine x2  
  93  10:08  Bunker  
  93  10:10  Siege Tank  
  96  10:21  Marine x2  
  97  10:26  SCV  
  99  10:37  Missile Turret  
  99  10:38  SCV  
  99  10:42  Supply Depot  
  100  10:46  Liberator  
  100  10:49  Neosteel Frame  
  100  10:50  SCV, Supply Depot  
  100  10:55  Engineering Bay  
  100  10:57  Missile Turret  
  101  11:00  Engineering Bay  
  101  11:04  SCV, Siege Tank  
  108  11:10  Supply Depot  
  108  11:11  Raven x2  
  108  11:16  SCV  
  113  11:22  Bunker  
  113  11:32  Terran Infantry Armor Level 1, Terran Infantry Weapons Level 1  
  113  11:42  Supply Depot  
  113  11:55  Supply Depot  
  113  12:10  Armory, Medivac x3  
  119  12:19  Barracks  
  119  12:20  Barracks  
  119  12:22  Barracks, Siege Tank  
  122  12:35  Command Center  
  122  12:48  Cloaking Field  
  122  12:50  Explosive Shrapnel Shells  
  122  12:51  Rapid Reignition System  
  122  12:55  Siege Tank  
  125  12:58  Terran Vehicle Weapons Level 1  
  125  12:59  Armory  
  125  13:06  Armory  
  125  13:11  Factory, Barracks Tech Lab x2  
  125  13:29  Barracks Tech Lab  
  125  13:33  Missile Turret  
  125  13:35  Terran Infantry Weapons Level 2, Terran Infantry Armor Level 2  
  125  13:42  Missile Turret  
  125  13:43  Marauder x2  
  125  13:44  Marine x2  
  125  13:48  Corvid Reactor  
  131  13:55  Missile Turret  
  131  14:03  Missile Turret  
  131  14:05  Marauder  
  133  14:24  Liberator x3  
  133  14:33  Terran Ship Weapons Level 1, Terran Vehicle And Ship Armor Level 1  
  140  15:00  Command Center  
  140  15:01  Factory Reactor  
  140  15:04  Command Center  
  140  15:05  Infernal Pre-Igniter  
  140  15:07  Liberator x3  
  140  15:09  Hellbat  
  151  15:30  Hellbat  
  153  15:43  Marauder  
  153  15:45  Concussive Shells, Combat Shield  
  153  15:46  Stimpack  
  155  15:54  Supply Depot x3  
  155  15:56  Planetary Fortress  
  155  16:11  Terran Vehicle Weapons Level 2  
  155  16:12  Marauder x3, Viking x3, Hellbat  
  155  16:14  Terran Infantry Weapons Level 3  
  155  16:15  Refinery  
  155  16:16  Supply Depot  
  169  16:19  Refinery  
  169  16:23  Planetary Fortress  
  169  16:25  Orbital Command  
  169  16:34  Marauder x2, Hellbat  
  175  16:42  Viking x3  
  177  16:55  Liberator x3, Hellbat  
  71  17:54  Viking x3  
  61  18:07  Liberator  
  56  18:24  Viking x2  
  63  18:32  Marine x5  
  65  18:37  Liberator x2  
  59  18:50  Marine x5  
  64  19:08  Marine x5  
  69  19:25  Marine  
  69  19:26  Marine  
  69  19:28  Command Center  
  71  19:34  Widow Mine x2  
  45  20:42  Widow Mine x3  
  45  20:59  Marine x5  
  45  21:00  Bunker  
  45  21:01  Bunker  
  54  21:10  Widow Mine x2  
  54  21:17  Marine x2, Missile Turret  
  56  21:29  Marine, Marauder x2  
  61  21:34  Marine  
  61  21:35  Marine  
  63  21:45  Command Center  
  63  22:00  Medivac x2  
  67  22:01  Viking  
  69  22:25  Orbital Command  
  69  22:39  Viking  
  69  22:42  Command Center  
  77  23:32  Widow Mine x3  
  77  23:50  Marine  
  77  23:51  Marine x4  
  88  24:00  Widow Mine  
  88  24:01  Widow Mine x2  
  88  24:08  Marine x2  
  69  24:29  Widow Mine  
  22  24:43  Liberator x2  
  30  25:27  Widow Mine x2  
Tags
 
Add a new tag
Caveats
  • Supply blocks, unpowered buildings, or Contaminate may cause inaccurate times.
  • Supply counts are checked every 10 seconds.